 Dungeon Crawl Stone Soup version 0.28.0 (webtiles) character file.

Game seed: 3132294295938045740

46 Minsecho the Ducker (level 3, -7/31 HPs)
             Began as a Gnoll Gladiator on Feb 14, 2022.
             Killed by divine providence
             ... invoked by an orc priest
              (11 damage)
             ... on level 2 of the Dungeon.
             The game lasted 00:02:25 (1613 turns).

Minsecho the Ducker (Gnoll Gladiator)               Turns: 1613, Time: 00:02:26

Health: -7/31      AC:  7    Str: 12 (15) XL:     3   Next: 66%
Magic:  4/4        EV: 12    Int:  4 (7)  God:
Gold:   115        SH:  0    Dex: 11 (13) Spells: 3/3 levels left

rFire   . . .      SeeInvis .   a - +0 war axe
rCold   . . .      Faith    .   (no shield)
rNeg    . . .      Spirit   .   e - +0 ring mail
rPois   .          Reflect  .   c - +0 helmet
rElec   .          Harm     .   f - +0 cloak
rCorr   .          Rampage  .   (no gloves)
Will    .....                   (no boots)
Stlth   +.........              (no amulet)
HPRegen 0.10/turn               (no ring)
MPRegen 0.09/turn               (no ring)

@: no status effects
A: fangs 1, strong nose, distributed training
a: no special abilities


You were on level 2 of the Dungeon.
You visited 1 branch of the dungeon, and saw 2 of its levels.

You collected 115 gold pieces.

Inventory:

Hand Weapons
 a - a +0 war axe (weapon)
Missiles
 d - 3 throwing nets (quivered)
Armour
 b - a +0 leather armour
 c - a +0 helmet (worn)
 e - a +0 ring mail (worn)
 f - a +0 cloak (worn)
Scrolls
 g - a scroll of vulnerability {unknown}
 j - a scroll of noise {unknown}
Potions
 i - a potion of degeneration


   Skills:
 + Level 4.5 Fighting
 + Level 0.9 Short Blades
 + Level 0.9 Long Blades
 + Level 6.5 Axes
 + Level 0.9 Maces & Flails
 + Level 0.9 Polearms
 + Level 0.9 Staves
 + Level 0.9 Slings
 + Level 0.9 Bows
 + Level 0.9 Crossbows
 + Level 4.5 Throwing
 + Level 0.9 Armour
 + Level 6.5 Dodging
 + Level 0.9 Stealth
 + Level 0.9 Shields
 + Level 0.9 Unarmed Combat
 + Level 0.9 Spellcasting
 + Level 0.6 Conjurations
 + Level 0.6 Hexes
 + Level 0.6 Summonings
 + Level 0.6 Necromancy
 + Level 0.6 Translocations
 + Level 0.6 Transmutations
 + Level 0.6 Fire Magic
 + Level 0.6 Ice Magic
 + Level 0.6 Air Magic
 + Level 0.6 Earth Magic
 + Level 0.6 Poison Magic
 + Level 1.0 Invocations
 + Level 0.9 Evocations


You had 3 spell levels left.
You didn't know any spells.
Your spell library contained the following spells:

 Spells                   Type           Power      Damage    Failure   Level
 Confusing Touch          Hex            0%         N/A       95%         3
 Ozocubu's Armour         Ice            0%         N/A       95%         3
 Blade Hands              Tmut           0%         N/A       100%        5
 Irradiate                Conj/Tmut      0%         3d14      100%        5
 Metabolic Englaciation   Hex/Ice        0%         N/A       100%        5
 Yara's Violent Unravell  Hex/Tmut       0%         3d3       100%        5
 Simulacrum               Ice/Necr       0%         N/A       100%        6
 Dragon Form              Tmut           0%         N/A       100%        7
 Enfeeble                 Hex            0%         N/A       100%        7


Dungeon Overview and Level Annotations

Branches:
Dungeon (2/15)

Altars:

Annotations:
D:2 Robin


Innate Abilities, Weirdness & Mutations

You have very sharp teeth.
Your uncanny sense of smell can sniff out nearby items.
Your experience applies equally to all skills.


Message History

You feel weakened.
You feel dopey.
You feel clumsy.
It was a potion of curing.
You feel better. The orc closely misses you.
You slash the orc!
You kill the orc!
The orc hits you but does no damage.
Your Invocations skill increases to level 1!
Okay, then.
You closely miss the orc. Your bite misses the orc.
The orc hits you but does no damage.
You slash the orc!
You kill the orc!
You slash the goblin!
You kill the goblin!
You slash the orc!
You kill the orc!
You barely miss the orc. You bite the orc, but do no damage.
The orc barely misses you.
You slash the orc!
You kill the orc!
You closely miss the orc priest.
The orc priest hits you with a +0 flail.
You barely miss the orc priest. The orc priest barely misses you.
You hit the orc priest.
The orc priest is lightly wounded.
The orc priest barely misses you.
You barely miss the orc priest.
The orc priest is lightly wounded.
The orc priest hits you with a +0 flail. x2
You barely miss the orc priest.
The orc priest is lightly wounded.
The orc priest barely misses you.
You barely miss the orc priest.
The orc priest is lightly wounded.
The orc priest hits you with a +0 flail!
* * * LOW HITPOINT WARNING * * *
You closely miss the orc priest.
The orc priest is lightly wounded.
The orc priest mumbles some strange prayers to Beogh against you.
Beogh smites you!
You die... gg8o. #..# ##.# gg.

#..# #.#
######o###..#
#.#
......o.o...##
#.#
##########o#.##
#.# ##.###.##
#.. ##.##
##.#########
#o## ##.......#
##@##
##.######.#
##.###.##
##.#.## ##.##
### ∆


You could see an orc priest.

Vanquished Creatures
  A worm (D:2)
  A dart slug (D:2)
  5 orcs (D:2)
  2 ball pythons
  4 endoplasms
  2 giant cockroaches (D:1)
  3 hobgoblins (D:1)
  A kobold (D:2)
  A quokka (D:1)
  2 bats (D:1)
  2 frilled lizards (D:1)
  6 goblins
  2 rats (D:1)
32 creatures vanquished.

Vanquished Creatures (others)
  A plant (D:1)
1 creature vanquished.

Grand Total: 33 creatures vanquished

Notes
Turn   | Place    | Note
-------+----------+-------------------------------------------
     0 | D:1      | Minsecho the Gnoll Gladiator began the quest for the Orb.
     0 | D:1      | Reached XP level 1. HP: 20/20 MP: 1/1
   341 | D:1      | Reached XP level 2. HP: 10/26 MP: 2/2
  1256 | D:2      | Reached XP level 3. HP: 17/31 MP: 3/3
  1580 | D:2      | Noticed Robin
  1601 | D:2      | Reached skill level 1 in Invocations
  1613 | D:2      | Killed from afar by an orc priest

Illustrated notes

Levels and vault maps discovered:
D:1:      roderic_crossed_star, layout_basic, serial_glass, glass_columns_a,
          glass_columns_a, minivault_14, serial_bayou_ford_a
D:2:      cheibrodos_pilgrimage, layout_loops_ring, basic_ecumenical_altar,
          uniq_robin, uniq_crazy_yiuf_cottage

Skill      XL: |  1  2  3 |
---------------+----------+-----
Invocations    | 1 |  1.0
Fighting       | |  4.5
Short Blades   | |  0.9
Long Blades    | |  0.9
Axes           | |  6.5
Maces & Flails | |  0.9
Polearms       | |  0.9
Staves         | |  0.9
Slings         | |  0.9
Bows           | |  0.9
Crossbows      | |  0.9
Throwing       | |  4.5
Armour         | |  0.9
Dodging        | |  6.5
Stealth        | |  0.9
Shields        | |  0.9
Unarmed Combat | |  0.9
Spellcasting   | |  0.9
Conjurations   | |  0.6
Hexes          | |  0.6
Summonings     | |  0.6
Necromancy     | |  0.6
Translocations | |  0.6
Transmutations | |  0.6
Fire Magic     | |  0.6
Ice Magic      | |  0.6
Air Magic      | |  0.6
Earth Magic    | |  0.6
Poison Magic   | |  0.6
Evocations     | |  0.9

Action                   || total
-------------------------++-------
Melee: War axe           ||   100
       Bite              ||     9
       Punch             ||     1
  Use: Potion            ||     2
Armor: Ring mail         ||    26
Dodge: Dodged            ||    66
